AoeStats
← XEVER | Monarca

Arabia

508146777Analyzed
4v4 RM · 11d ago on Sep 21, 2026· 57m 19s· 8 players
Game mode
Random Map
Map size
Large (8 player)
Population
200
Speed
Normal
Resources
Standard
Victory
Conquest
Starting age
Dark Age
Ending age
Imperial Age
RankedLock teamsTeams togetherTeam positionsShared explorationLock speedFull tech treeHidden civsTurbo modeCheats
Victory
Defeat
🇬🇹 Saracens · Guatemala
1773
+6
🇲🇽 Japanese · Mexico
1642
+11
🇹🇷 Franks · Türkiye
1527
+15
🇺🇸 Portuguese · United States
1484
+17
🇦🇷 Celts · Argentina
1686
-18
🇦🇷 Cumans · Argentina
1542
-13
🇦🇷 Hindustanis · Argentina
1484
-11
🇦🇷 Malians · Argentina
1358
-7
2rich4u81
6:52 Loom
9:25 Feudal Age
9:59 Double-Bit Axe
10:38 Horse Collar
28:11 Castle Age
26:24 Gold Mining
27:16 Scale Barding Armor
27:21 Forging
28:05 Bloodlines
29:16 Chain Barding Armor
29:32 Iron Casting
30:55 Husbandry
36:47 Bow Saw
36:40 Heavy Plow
39:06 Wheelbarrow
47:38 Imperial Age
47:31 Hand Cart
48:02 Cavalier
52:55 Pikeman
55:20 Scale Mail Armor
55:16 Arson
56:31 Conscription
56:34 Chain Mail Armor
57:19 Blast Furnace
58:20 Two-Man Saw
UxCima
5:58 Loom
8:31 Feudal Age
12:34 Fletching
16:35 Padded Archer Armor
23:53 Castle Age
21:55 Horse Collar
22:02 Double-Bit Axe
22:34 Gold Mining
23:56 Crossbowman
24:31 Bodkin Arrow
24:49 Bow Saw
27:47 Ballistics
33:47 Town Watch
35:41 Thumb Ring
38:45 Husbandry
40:31 Wheelbarrow
41:34 Hand Cart
42:06 Scale Mail Armor
42:05 Guard Tower
42:23 Gambesons
43:25 Yasama
44:23 Heavy Plow
44:58 Gold Shaft Mining
48:02 Imperial Age
45:09 Pikeman
45:50 Squires
46:53 Chain Mail Armor
46:49 Forging
46:44 Stone Mining
47:14 Masonry
48:53 Iron Casting
48:17 Halberdier
50:01 Plate Mail Armor
50:03 Conscription
51:11 Two-Man Saw
51:35 Blast Furnace
50:39 Arson
53:53 Hoardings
53:18 Man-at-Arms
54:38 Bracer
56:55 Parthian Tactics
56:43 Caravan
57:40 Kataparuto
58:02 Leather Archer Armor
58:57 Chemistry
ValerioN__
8:30 Feudal Age
9:09 Double-Bit Axe
11:20 Loom
17:58 Wheelbarrow
20:21 Castle Age
18:56 Gold Mining
21:13 Scale Barding Armor
22:58 Chain Barding Armor
24:33 Forging
24:58 Husbandry
34:06 Iron Casting
38:35 Hand Cart
45:14 Imperial Age
44:15 Bow Saw
44:43 Gold Shaft Mining
44:39 Fletching
45:11 Murder Holes
45:41 Bodkin Arrow
46:08 Masonry
45:44 Cavalier
48:37 Plate Barding Armor
48:38 Ballistics
51:31 Blast Furnace
50:55 Scale Mail Armor
52:35 Chemistry
51:11 Pikeman
52:19 Caravan
52:45 Chain Mail Armor
52:02 Halberdier
53:09 Squires
55:51 Plate Mail Armor
55:39 Paladin
57:23 Conscription
Sarin
6:25 Loom
8:48 Feudal Age
9:36 Double-Bit Axe
13:21 Fletching
20:56 Castle Age
19:31 Padded Archer Armor
20:01 Horse Collar
21:01 Crossbowman
21:40 Bodkin Arrow
23:21 Ballistics
25:28 Bow Saw
25:58 Gold Mining
27:28 Wheelbarrow
29:43 Hand Cart
29:30 Heavy Plow
32:55 Thumb Ring
41:06 Imperial Age
39:38 Leather Archer Armor
41:50 Bracer
41:11 Arbalester
42:53 Chemistry
43:51 Town Watch
44:09 Heavy Plow
44:44 Gold Shaft Mining
49:52 Elite Mameluke
50:38 Scale Barding Armor
52:19 Chain Barding Armor
52:10 Forging
52:31 Ring Archer Armor
52:43 Murder Holes
56:32 Plate Barding Armor
56:33 Iron Casting
57:38 Two-Man Saw
XEVER | Dylan
5:54 Loom
8:22 Feudal Age
13:08 Fletching
22:29 Castle Age
21:22 Double-Bit Axe
23:12 Bodkin Arrow
22:38 Crossbowman
23:38 Bow Saw
23:59 Horse Collar
24:41 Ballistics
28:07 Padded Archer Armor
28:44 Thumb Ring
30:54 Leather Archer Armor
32:01 Town Watch
32:51 Wheelbarrow
34:31 Hand Cart
39:01 Imperial Age
38:33 Scale Barding Armor
38:39 Forging
38:36 Gold Mining
39:46 Bloodlines
39:36 Husbandry
39:28 Heavy Camel Rider
40:51 Conscription
41:34 Chain Barding Armor
41:31 Imperial Camel Rider
43:29 Plate Barding Armor
44:59 Iron Casting
47:14 Blast Furnace
50:29 Light Cavalry
54:14 Scale Mail Armor
55:57 Chain Mail Armor
XEVER | Monarca
6:21 Loom
8:42 Feudal Age
9:53 Double-Bit Axe
14:53 Horse Collar
18:47 Wheelbarrow
23:10 Castle Age
21:23 Gold Mining
21:52 Scale Barding Armor
22:24 Bloodlines
22:30 Forging
24:18 Chain Barding Armor
46:30 Imperial Age
44:05 Heavy Plow
44:19 Bow Saw
45:26 Iron Casting
47:51 Plate Barding Armor
46:38 Cavalier
49:56 Blast Furnace
50:21 Conscription
50:44 Light Cavalry
54:42 Steppe Husbandry
XEVER | K1nGod
5:45 Loom
8:34 Feudal Age
9:31 Double-Bit Axe
23:07 Castle Age
23:14 Crossbowman
23:52 Fletching
XEVER | Rivux
6:13 Loom
8:54 Feudal Age
9:25 Double-Bit Axe
9:27 Horse Collar
14:39 Forging
16:28 Scale Barding Armor
20:15 Wheelbarrow
23:51 Castle Age
21:45 Gold Mining
23:56 Light Cavalry
24:58 Chain Barding Armor
25:13 Husbandry
33:19 Iron Casting
37:57 Hand Cart
39:45 Town Watch
42:52 Stone Mining
43:35 Fletching
44:35 Ballistics
46:38 Guard Tower
46:45 Bodkin Arrow
48:50 Murder Holes
54:06 Imperial Age
51:38 Scale Mail Armor
52:38 Chain Mail Armor
52:19 Stronghold
54:17 Caravan
55:03 Gold Shaft Mining
55:23 Plate Mail Armor
54:22 Elite Woad Raider
54:35 Pikeman
56:07 Conscription
55:48 Halberdier
Connection lost

Rejoining the realm…

Still unreachable

The connection could not be restored.

Session expired

The server has moved on; the page needs a fresh start.